PA
SYRACUSE STORM @ PUT-IN-BAY BC
05/26/2020
 
TOP OF THE 1ST
Syracuse Storm batting - Pitching for Put-In-Bay BC : RHP Henry Yates
Pitching: RHP Henry Yates
Batting: RHB Pedro Santos 0-0: Ball
1-0: Ground out 1-3 (Groundball, 15)
Batting: RHB Dave Ash 0-0: Ball
1-0: Ball
2-0: Ball
3-0: Base on Balls
Batting: RHB Scotty Anderson 0-0: Ball
Throwing error on steal attempt, E2
Dave Ash to third
1-0: Ball
2-0: Ball
3-0: Base on Balls
Batting: LHB Mario Ramos 0-0: Hit by Pitch
Scotty Anderson to second
Batting: SHB Arnold Cramer 0-0: Ball
1-0: Foul Ball, location: 2F
1-1: Foul Ball, location: 2F
1-2: Ball
Wild Pitch!
Dave Ash scores
Scotty Anderson to third
Mario Ramos to second
2-2: Strikes out looking
Batting: RHB Juan Salinas 0-0: Ball
1-0: Ball
2-0: Ground out 5-3 (Groundball, 5S)
Top of the 1st over - 1 run(s), 0 hit(s), 1 error(s), 2 left on base; Syracuse 1 - Put-In-Bay 0
BOTTOM OF THE 1ST
Put-In-Bay BC batting - Pitching for Syracuse Storm : LHP Allen Yohemas
Pitching: LHP Allen Yohemas
Batting: RHB Tim Burnett 0-0: Ball
1-0: Foul Ball, location: 2F
1-1: Called Strike
1-2: Ball
2-2: Foul Ball, location: 2F
2-2: Ground out 5-3 (Groundball, 56)
Batting: RHB Carlos Trujillo 0-0: Ball
1-0: Foul Ball, location: 2F
1-1: Foul Ball, location: 2F
1-2: Fly out, F7 (Flyball, 7M)
Batting: LHB Ramón García 0-0: Called Strike
0-1: Ball
1-1: Foul Ball, location: 2F
1-2: Ball
2-2: Strikes out swinging
Bottom of the 1st over - 0 run(s), 0 hit(s), 0 error(s), 0 left on base; Syracuse 1 - Put-In-Bay 0
TOP OF THE 2ND
Syracuse Storm batting - Pitching for Put-In-Bay BC : RHP Henry Yates
Batting: RHB Jorge López 0-0: Foul Ball, location: 2F
0-1: Ball
1-1: SINGLE (Groundball, 56D) (infield hit)
Batting: LHB Ramón Rivera 0-0: Foul Ball, location: 2F
0-1: Swinging Strike
0-2: Foul Ball, location: 2F
0-2: Ball
1-2: Strikes out swinging
Batting: RHB Arturo Mateo 0-0: Ball
1-0: Foul Ball, location: 2F
1-1: Called Strike
1-2: Foul Ball, location: 2F
1-2: DOUBLE (Groundball, 5L)
Jorge López to third
Runner from 3rd tries for Home, throw and OUT!
Arturo Mateo to third
Batting: RHB Pedro Santos 0-0: Ball
1-0: Called Strike
1-1: Ball
2-1: Ball
3-1: Foul Ball, location: 2F
3-2: Fly out, F8 (Popup, 8LS)
Top of the 2nd over - 0 run(s), 2 hit(s), 0 error(s), 1 left on base; Syracuse 1 - Put-In-Bay 0
BOTTOM OF THE 2ND
Put-In-Bay BC batting - Pitching for Syracuse Storm : LHP Allen Yohemas
Batting: RHB Pedro Pérez 0-0: Foul Ball, location: 2F
0-1: Ground out 6-3 (Groundball, 6)
Batting: RHB Quincy van Enk 0-0: Ball
1-0: Ground out 4-3 (Groundball, 4)
Batting: LHB Alan Hardy 0-0: Ball
1-0: Swinging Strike
1-1: Ground out 1-3 (Groundball, 13S)
Bottom of the 2nd over - 0 run(s), 0 hit(s), 0 error(s), 0 left on base; Syracuse 1 - Put-In-Bay 0
TOP OF THE 3RD
Syracuse Storm batting - Pitching for Put-In-Bay BC : RHP Henry Yates
Batting: RHB Dave Ash 0-0: Called Strike
0-1: Foul Ball, location: 2F
0-2: Strikes out swinging
Batting: RHB Scotty Anderson 0-0: Called Strike
0-1: SINGLE (Groundball, 6)
Batting: LHB Mario Ramos 0-0: SINGLE (Line Drive, 34D)
Scotty Anderson to second
Batting: SHB Arnold Cramer 0-0: Ball
1-0: Foul Ball, location: 2F
1-1: Called Strike
1-2: Foul Ball, location: 2F
1-2: Foul Ball, location: 2F
1-2: Grounds into double play, U6-3 (Groundball, 6M)
Top of the 3rd over - 0 run(s), 2 hit(s), 0 error(s), 1 left on base; Syracuse 1 - Put-In-Bay 0
BOTTOM OF THE 3RD
Put-In-Bay BC batting - Pitching for Syracuse Storm : LHP Allen Yohemas
Batting: LHB Felipe Martínez 0-0: Foul Ball, location: 2F
0-1: Ground out 4-3 (Groundball, 4)
Batting: LHB Arturo Rodríguez 0-0: SINGLE (Groundball, 4M)
Batting: SHB Álex Gutiérrez 0-0: Called Strike
Pickoff Throw to First - Out!
0-1: Swinging Strike
0-2: Foul Ball, location: 2F
0-2: Ball
1-2: Strikes out swinging
Bottom of the 3rd over - 0 run(s), 1 hit(s), 0 error(s), 0 left on base; Syracuse 1 - Put-In-Bay 0
TOP OF THE 4TH
Syracuse Storm batting - Pitching for Put-In-Bay BC : RHP Henry Yates
Batting: RHB Juan Salinas 0-0: Foul Ball, location: 2F
0-1: Ball
1-1: Ball
2-1: Ball
3-1: Base on Balls
Batting: RHB Jorge López 0-0: Ball
Wild Pitch!
Juan Salinas to second
1-0: Called Strike
1-1: Fly out, F8 (Flyball, 8LD)
Runner from 2nd tags up, SAFE at 3rd, no throw
Batting: LHB Ramón Rivera 0-0: Called Strike
0-1: Called Strike
0-2: Foul Ball, location: 2F
0-2: Fly out, F8 (Flyball, 78D)
Runner from 3rd tags up, SCORES, no throw
Batting: RHB Arturo Mateo 0-0: Foul Ball, location: 2F
0-1: Ball
1-1: Called Strike
1-2: Strikes out swinging
Top of the 4th over - 1 run(s), 0 hit(s), 0 error(s), 0 left on base; Syracuse 2 - Put-In-Bay 0
BOTTOM OF THE 4TH
Put-In-Bay BC batting - Pitching for Syracuse Storm : LHP Allen Yohemas
Batting: RHB Tim Burnett 0-0: Called Strike
0-1: Foul Ball, location: 2F
0-2: Foul Ball, location: 2F
0-2: Ball
1-2: Ground out 6-3 (Groundball, 6)
Batting: RHB Carlos Trujillo 0-0: Ball
1-0: Ball
2-0: Ball
3-0: Base on Balls
Batting: LHB Ramón García 0-0: Swinging Strike
0-1: Foul Ball, location: 2F
0-2: Ball
1-2: Ball
2-2: Ball
3-2: Foul Ball, location: 2F
3-2: Strikes out swinging
Carlos Trujillo steals 2nd base
Batter strikes out.
Batting: RHB Pedro Pérez 0-0: SINGLE (Groundball, 6MD)
Carlos Trujillo to third
Runner from 3rd tries for Home, SAFE, no throw or cutoff
Batting: RHB Quincy van Enk 0-0: Ball
1-0: Foul Ball, location: 2F
1-1: Swinging Strike
1-2: SINGLE (Line Drive, 4MD)
Pedro Pérez to second
Batting: LHB Alan Hardy 0-0: Foul Ball, location: 2F
0-1: Ball
1-1: Called Strike
1-2: Ball
2-2: Ball
3-2: Base on Balls
Pedro Pérez to third
Quincy van Enk to second
Batting: LHB Felipe Martínez 0-0: Called Strike
0-1: Foul Ball, location: 2F
0-2: Ball
1-2: Ball
2-2: Strikes out looking
Bottom of the 4th over - 1 run(s), 2 hit(s), 0 error(s), 3 left on base; Syracuse 2 - Put-In-Bay 1
TOP OF THE 5TH
Syracuse Storm batting - Pitching for Put-In-Bay BC : RHP Henry Yates
Batting: RHB Pedro Santos 0-0: Ball
1-0: Ground out 4-3 (Groundball, 4)
Batting: RHB Dave Ash 0-0: Ball
1-0: Foul Ball, location: 2F
1-1: Ball
2-1: Foul Ball, location: 2F
2-2: Ball
3-2: Strikes out swinging
Batting: RHB Scotty Anderson 0-0: Ground out 6-3 (Groundball, 6)
Top of the 5th over - 0 run(s), 0 hit(s), 0 error(s), 0 left on base; Syracuse 2 - Put-In-Bay 1
BOTTOM OF THE 5TH
Put-In-Bay BC batting - Pitching for Syracuse Storm : LHP Allen Yohemas
Batting: LHB Arturo Rodríguez 0-0: Called Strike
0-1: Foul Ball, location: 2F
0-2: Reached on Error, E7 (Flyball, 7S)
Batting: SHB Álex Gutiérrez 0-0: Ball
1-0: Bunt missed!
1-1: Bunted foul
1-2: Ball
2-2: Fly out, F9 (Flyball, 89M)
Batting: RHB Tim Burnett 0-0: Fly out, F9 (Flyball, 89S)
Batting: RHB Carlos Trujillo 0-0: Ball
1-0: Fly out, F8 (Flyball, 8RM)
Bottom of the 5th over - 0 run(s), 0 hit(s), 1 error(s), 1 left on base; Syracuse 2 - Put-In-Bay 1
TOP OF THE 6TH
Syracuse Storm batting - Pitching for Put-In-Bay BC : RHP Henry Yates
Batting: LHB Mario Ramos 0-0: Ball
1-0: Swinging Strike
1-1: Ball
2-1: Swinging Strike
2-2: Ball
3-2: Base on Balls
Batting: SHB Arnold Cramer 0-0: Swinging Strike
0-1: Called Strike
0-2: Ball
1-2: Strikes out swinging
Batting: RHB Juan Salinas 0-0: Foul Ball, location: 2F
0-1: SINGLE (Line Drive, 89M)
Mario Ramos to second
Batting: RHB Jorge López 0-0: Ball
1-0: Called Strike
1-1: Called Strike
1-2: Ball
2-2: Ball
3-2: Fly out, F8 (Flyball, 8LS)
Batting: LHB Ramón Rivera 0-0: Ball
1-0: Fly out, F7 (Flyball, 7M)
Top of the 6th over - 0 run(s), 1 hit(s), 0 error(s), 2 left on base; Syracuse 2 - Put-In-Bay 1
BOTTOM OF THE 6TH
Put-In-Bay BC batting - Pitching for Syracuse Storm : LHP Allen Yohemas
Batting: LHB Ramón García 0-0: Ball
1-0: Fly out, F5 (Popup, 56S)
Batting: RHB Pedro Pérez 0-0: SOLO HOME RUN (Flyball, 78XD), Distance : 401 ft
Batting: RHB Quincy van Enk 0-0: Ground out 1-3 (Groundball, 13S)
Batting: LHB Alan Hardy 0-0: Called Strike
0-1: Foul Ball, location: 2F
0-2: Ball
1-2: Strikes out swinging
Bottom of the 6th over - 1 run(s), 1 hit(s), 0 error(s), 0 left on base; Syracuse 2 - Put-In-Bay 2
TOP OF THE 7TH
Syracuse Storm batting - Pitching for Put-In-Bay BC : RHP Henry Yates
Batting: RHB Arturo Mateo 0-0: Called Strike
0-1: Ball
1-1: Swinging Strike
1-2: Ball
2-2: Strikes out swinging
Batting: RHB Pedro Santos 0-0: Called Strike
0-1: Called Strike
0-2: Strikes out swinging
Batting: RHB Dave Ash 0-0: Foul Ball, location: 2F
0-1: Swinging Strike
0-2: Strikes out swinging
Top of the 7th over - 0 run(s), 0 hit(s), 0 error(s), 0 left on base; Syracuse 2 - Put-In-Bay 2
BOTTOM OF THE 7TH
Put-In-Bay BC batting - Pitching for Syracuse Storm : LHP Allen Yohemas
Batting: LHB Felipe Martínez 0-0: Fly out, F3 (Popup, 34)
Pinch Hitting: RHB Jim Unknown 0-0: Ball
1-0: Called Strike
1-1: Called Strike
1-2: Fly out, F4 (Popup, 4MD)
Pinch Hitting: RHB José Canó 0-0: Swinging Strike
0-1: Called Strike
0-2: Ball
1-2: Strikes out swinging
Bottom of the 7th over - 0 run(s), 0 hit(s), 0 error(s), 0 left on base; Syracuse 2 - Put-In-Bay 2
TOP OF THE 8TH
Syracuse Storm batting - Pitching for Put-In-Bay BC : RHP Henry Yates
Now at 3B: Jim Unknown
Now at SS: José Canó
Batting: RHB Scotty Anderson 0-0: Ball
1-0: Foul Ball, location: 2F
1-1: Called Strike
1-2: Ground out 6-3 (Groundball, 6)
Batting: LHB Mario Ramos 0-0: Ball
1-0: Ball
2-0: Ball
3-0: Base on Balls
Pinch Hitting: RHB Stewart Ralston 0-0: Ball
1-0: Swinging Strike
1-1: Ball
Wild Pitch!
Mario Ramos to second
2-1: Intentional Walk
Pitching: RHP Alfredo Hernández
Pinch Hitting: SHB Ricardo Franco 0-0: Fly out, F5 (Popup, 5F)
Pinch Hitting: SHB Pancho De La Rosa 0-0: Hit by Pitch
Mario Ramos to third
Stewart Ralston to second
Batting: LHB Ramón Rivera 0-0: Ball
1-0: Ball
2-0: Called Strike
2-1: Ball
3-1: Base on Balls
Mario Ramos scores
Stewart Ralston to third
Pancho De La Rosa to second
Batting: RHB Arturo Mateo 0-0: Ball
1-0: Called Strike
1-1: Swinging Strike
1-2: Ball
Wild Pitch!
Stewart Ralston scores
Pancho De La Rosa to third
Ramón Rivera to second
2-2: Foul Ball, location: 2F
2-2: Ball
3-2: Base on Balls
Batting: RHB Pedro Santos 0-0: Called Strike
0-1: Foul Ball, location: 2F
0-2: Fly out, F7 (Flyball, 7M)
Top of the 8th over - 2 run(s), 0 hit(s), 0 error(s), 3 left on base; Syracuse 4 - Put-In-Bay 2
BOTTOM OF THE 8TH
Put-In-Bay BC batting - Pitching for Syracuse Storm : LHP Allen Yohemas
Now at 3B: Christovão Galho
Now at SS: Noah Smith
Now in LF: Stewart Ralston
Batting: RHB Tim Burnett 0-0: Ball
1-0: Swinging Strike
1-1: Foul Ball, location: 2F
1-2: Ball
2-2: SINGLE (Groundball, 6MD)
Batting: RHB Carlos Trujillo 0-0: Ball
1-0: Ball
2-0: Called Strike
2-1: Ball
3-1: Foul Ball, location: 2F
3-2: Base on Balls
Tim Burnett to second
Batting: LHB Ramón García 0-0: Called Strike
0-1: Ball
1-1: Ball
2-1: SINGLE (Line Drive, 4MD)
Tim Burnett to third
Carlos Trujillo to second
Batting: RHB Pedro Pérez 0-0: Ball
1-0: Grounds into fielders choice 1-2 (Groundball, 23)
Carlos Trujillo to third
Ramón García to second
Pinch Hitting: RHB Jim Unknown 0-0: Swinging Strike
0-1: Called Strike
0-2: Foul Ball, location: 2F
0-2: SINGLE (Flyball, 4MD)
Carlos Trujillo scores
Ramón García to third
Pedro Pérez to second
Runner from 3rd tries for Home, throw and OUT!
Pedro Pérez to third
Jim Unknown to second
Batting: LHB Alan Hardy 0-0: Called Strike
0-1: Ground out 6-3 (Groundball, 6)
Bottom of the 8th over - 1 run(s), 3 hit(s), 0 error(s), 2 left on base; Syracuse 4 - Put-In-Bay 3
TOP OF THE 9TH
Syracuse Storm batting - Pitching for Put-In-Bay BC : RHP Alfredo Hernández
Pitching: RHP Jim Unknown
Now at 1B: Jorge Suárez
Batting: RHB Dave Ash 0-0: Ball
1-0: Ball
2-0: Ball
3-0: Called Strike
3-1: Base on Balls
Pitching: RHP Elvin Glass
Batting: RHB Scotty Anderson 0-0: Ball
1-0: SINGLE (Line Drive, 4MD)
Dave Ash to second
Batting: LHB Mario Ramos 0-0: Called Strike
0-1: 3-RUN HOME RUN (Flyball, 8RXD), Distance : 441 ft
Batting: RHB Stewart Ralston 0-0: Ball
1-0: Called Strike
1-1: Ground out 6-3 (Groundball, 6)
Batting: RHB Christovão Galho 0-0: Fly out, F4 (Popup, 34D)
Batting: RHB Noah Smith 0-0: Ball
1-0: Called Strike
1-1: SINGLE (Line Drive, 6MD)
Batting: LHB Ramón Rivera 0-0: Ball
1-0: Ball
2-0: Foul Ball, location: 2F
2-1: Ball
3-1: Base on Balls
Noah Smith to second
Batting: RHB Arturo Mateo 0-0: Foul Ball, location: 2F
0-1: Ball
1-1: Ball
2-1: Foul Ball, location: 2F
2-2: Ball
3-2: SINGLE (Line Drive, 78S)
Noah Smith to third
Ramón Rivera to second
Noah Smith scores
Ramón Rivera to third
Batting: RHB Pedro Santos 0-0: Fly out, F7 (Flyball, 7M)
Top of the 9th over - 4 run(s), 4 hit(s), 0 error(s), 2 left on base; Syracuse 8 - Put-In-Bay 3
BOTTOM OF THE 9TH
Put-In-Bay BC batting - Pitching for Syracuse Storm : LHP Allen Yohemas
Pitching: RHP Truman Valentine
Batting: LHB Felipe Martínez 0-0: Ball
1-0: Swinging Strike
1-1: Ball
2-1: Ball
3-1: Base on Balls
Batting: RHB Jim Unknown 0-0: Ball
1-0: Grounds into double play, 6-4-3 (Groundball, 6M)
Batting: RHB José Canó 0-0: Ball
1-0: Ground out 1-3 (Groundball, 23)
Bottom of the 9th over - 0 run(s), 0 hit(s), 0 error(s), 0 left on base; Syracuse 8 - Put-In-Bay 3
This league is powered by Out of the Park Baseball, the baseball management simulation game for PC, Mac and Linux
Friday, October 23rd, 2015 - OOTP Baseball 16.9 Build 39